Pittsburgh Penguins vs Tampa Bay Lightning
(R1)
Created - Tuesday, February 6, 2024 at 07:26
Goals
|
| Pittsburgh Penguins |
2 |
0 |
0 |
2 |
| Tampa Bay Lightning |
1 |
2 |
4 |
7 |
|
Shots
|
| Pittsburgh Penguins |
8 |
13 |
9 |
30 |
| Tampa Bay Lightning |
19 |
9 |
14 |
42 |
|
1st period
1. Pittsburgh Penguins , Pavel Buchnevich 1 (Leon Draisaitl 3) at 0:14
2. Tampa Bay Lightning , Gustav Nyquist 2 (Logan Couture 1, Roope Hintz 3) at 18:48
3. Pittsburgh Penguins , Sam Reinhart 2 (J.J. Moser 1, Anders Lee 2) at 19:12
Penalties :
No Penalty
2nd period
4. Tampa Bay Lightning , Michael Matheson 1 (Tomas Hertl 3, Dylan Cozens 2) at 0:37
5. Tampa Bay Lightning , Travis Konecny 3 (Johnny Gaudreau 6, Darnell Nurse 5) at 10:29
Penalties :
Anders Lee (PIT) for Roughing (Minor) at 1:48, Travis Konecny (TBL) for Hooking (Minor) at 6:37, Leon Draisaitl (PIT) for Slashing (Minor) at 10:48, Michael Matheson (TBL) for Holding (Minor) at 14:33, Pavel Buchnevich (PIT) for Interference (Minor) at 19:09
3rd period
6. Tampa Bay Lightning , Johnny Gaudreau 5 (Travis Konecny 6, Anze Kopitar 5) at 0:53 (PP)
7. Tampa Bay Lightning , Dylan Cozens 1 (Roope Hintz 4, Moritz Seider 3) at 6:53
8. Tampa Bay Lightning , Kirill Kaprizov 3 (Logan Couture 2, Darnell Nurse 6) at 17:02 (PP)
9. Tampa Bay Lightning , Kirill Kaprizov 4 (Michael Matheson 4) at 19:27 (PP)
Penalties :
Ryan Graves (TBL) for Roughing (Minor) at 2:27, Mitchell Marner (PIT) for Roughing (Double Minor) at 14:49, Mitchell Marner (PIT) for Tripping (Minor) at 18:50, Travis Konecny (TBL) for Diving (Minor) at 19:50
Goalie Stats
Marc-Andre Fleury (PIT), 35 saves from 42 shots - (0.833), L, 1-2-0, 60:00 minutes
Filip Gustavsson (TBL), 28 saves from 30 shots - (0.933), W, 3-0-0, 60:00 minutes
Players Stats for Pittsburgh Penguins
Player Name G A P +/- PIM S H SB GA TA FO MP PP MP PK MP
------------------------------------------------------------------------------------
Anders Lee 0 1 1 0 2 4 1 0 1 0 0/0 16:09 2:09 0:40
Brian Dumoulin 0 0 0 -2 0 2 0 2 0 1 0/0 23:27 3:17 4:16
Colton Sissons 0 0 0 0 0 1 2 0 0 0 1/3 8:39 0:00 0:00
Erik Gudbranson 0 0 0 -1 0 0 0 3 0 0 0/0 13:21 0:00 0:00
Erik Karlsson 0 0 0 1 0 1 2 2 1 1 0/0 23:12 2:49 4:16
Gabriel Vilardi 0 0 0 0 0 2 0 0 0 0 0/0 8:58 0:19 0:00
J.J. Moser 0 1 1 -1 0 1 1 0 0 0 0/0 13:21 0:00 0:00
Jean-Gabriel Pageau 0 0 0 0 0 1 1 0 1 0 11/17 15:02 2:09 0:00
Jordan Eberle 0 0 0 -2 0 0 2 0 0 0 0/1 11:09 0:19 0:00
Leon Draisaitl 0 1 1 0 2 3 0 0 0 1 19/36 19:42 3:38 3:10
Mattias Ekholm 0 0 0 1 0 1 1 2 0 0 0/0 23:12 2:49 4:16
Mitchell Marner 0 0 0 0 6 0 5 0 0 1 0/0 18:55 3:38 2:47
Pavel Buchnevich 1 0 1 0 2 3 4 0 0 0 0/0 19:21 3:38 3:12
Phillip Danault 0 0 0 -2 0 1 2 0 0 0 4/9 14:16 0:00 3:14
Ryan Johansen 0 0 0 -2 0 3 0 0 0 0 0/0 10:50 0:00 0:00
Ryan Suter 0 0 0 -2 0 0 0 0 0 0 0/0 23:27 3:17 4:16
Sam Reinhart 1 0 1 0 0 6 0 0 0 0 3/8 19:08 2:09 4:01
Tom Wilson 0 0 0 0 0 1 0 0 0 0 0/0 9:14 0:19 0:00
Players Stats for Tampa Bay Lightning
Player Name G A P +/- PIM S H SB GA TA FO MP PP MP PK MP
------------------------------------------------------------------------------------
Anze Kopitar 0 1 1 0 0 4 2 0 1 0 22/40 25:40 5:48 4:06
Blake Lizotte 0 0 0 0 0 0 0 0 0 0 0/0 0:00 0:00 0:00
Darnell Nurse 0 2 2 1 0 1 2 0 0 0 0/0 24:34 2:00 3:40
Dylan Cozens 1 1 2 1 0 1 2 0 0 0 0/2 11:08 0:05 2:00
Gustav Nyquist 1 0 1 1 0 4 0 0 0 2 0/0 14:24 0:00 0:50
Hampus Lindholm 0 0 0 1 0 0 1 0 0 0 0/0 19:50 2:00 0:41
Johnny Gaudreau 1 1 2 0 0 5 0 0 2 0 0/1 21:06 5:43 0:00
Kirill Kaprizov 2 0 2 1 0 4 1 1 1 0 1/1 11:14 2:44 0:00
Logan Couture 0 2 2 1 0 2 0 0 0 0 7/17 20:16 2:44 4:06
Michael Matheson 1 1 2 0 2 3 2 2 0 0 0/0 23:15 6:32 0:00
Moritz Seider 0 1 1 0 0 2 1 2 0 0 0/0 24:48 6:32 2:26
Roope Hintz 0 2 2 1 0 3 1 0 0 0 0/0 16:04 2:44 0:00
Ryan Graves 0 0 0 1 2 1 1 1 0 0 0/0 13:19 0:00 1:45
Tomas Hertl 0 1 1 1 0 3 2 0 0 1 6/12 15:26 0:00 0:00
Travis Konecny 1 1 2 0 4 4 4 0 0 0 0/0 22:38 5:48 1:10
Trevor Moore 0 0 0 0 0 1 0 1 0 0 0/0 8:05 0:00 0:00
Tyler Toffoli 0 0 0 0 0 3 2 2 0 0 0/1 7:45 0:00 0:00
Vladislav Gavrikov 0 0 0 1 0 1 0 4 0 0 0/0 14:18 0:00 3:40
3 Stars
1 - Kirill Kaprizov (TBL)
2 - Dylan Cozens (TBL)
3 - Johnny Gaudreau (TBL)
Power Play
Pittsburgh Penguins - 0 on 4 Attempt(s) - 0.00%
Tampa Bay Lightning - 3 on 6 Attempt(s) - 50.00%
Penalty Kill
Pittsburgh Penguins - 3 on 6 Attempt(s) - 50.00%
- Score 0 goal in Penalty Kill
Tampa Bay Lightning - 4 on 4 Attempt(s) - 100.00%
- Score 0 goal in Penalty Kill
Team Stat
Pittsburgh Penguins - Hits : 21 - Faceoff Wins : 38 - Blocked Shots : 9 - Penalty Minutes : 12
Tampa Bay Lightning - Hits : 21 - Faceoff Wins : 36 - Blocked Shots : 13 - Penalty Minutes : 8
Official
Referees : Dan O'Rourke and Brad Watson
Linesman : Thor Nelson and Kiel Murchison
Game Notes
No Game Note
Finance
Level 1 -- Attendance: 5979 (99.65%) -- Ticket Income $568,005
Level 2 -- Attendance: 4514 (90.28%) -- Ticket Income $248,270
Level 3 -- Attendance: 2746 (91.53%) -- Ticket Income $87,872
Level 4 -- Attendance: 5000 (100.00%) -- Ticket Income $110,000
Luxury Box -- Attendance: 916 (91.60%) -- Ticket Income $176,788
Game was played at the Tampa Bay Times Forum.
Total Attendance: 19155 (95.78%)
Total Ticket Income: $1,190,935
Other Income: $416,827
Total Income: $1,607,762
Pittsburgh Penguins
5 vs 5 Forward
Center Left Wing Right Wing Time % Phy DF OF
1 Leon Draisaitl Pavel Buchnevich Mitchell Marner 30 1 2 2
2 Jean-Gabriel Pageau Anders Lee Sam Reinhart 30 1 2 2
3 Phillip Danault Jordan Eberle Ryan Johansen 25 1 2 2
4 Colton Sissons Gabriel Vilardi Tom Wilson 15 1 2 2
5 vs 5 Defense
Defense Defense Time % Phy DF OF
1 Erik Karlsson Mattias Ekholm 35 1 2 2
2 Ryan Suter Brian Dumoulin 35 1 2 2
3 Erik Gudbranson J.J. Moser 30 1 2 2
4 Erik Karlsson Mattias Ekholm 0 1 2 2
PowerPlay Forward
Center Left Wing Right Wing Time % Phy DF OF
1 Leon Draisaitl Pavel Buchnevich Mitchell Marner 50 1 2 2
2 Jean-Gabriel Pageau Anders Lee Sam Reinhart 50 1 2 2
PowerPlay Defense
Defense Defense Time % Phy DF OF
1 Erik Karlsson Mattias Ekholm 50 1 2 2
2 Ryan Suter Brian Dumoulin 50 1 2 2
Penalty Kill 4 Players Forward
Center Wing Time % Phy DF OF
1 Leon Draisaitl Mitchell Marner 50 1 2 2
2 Sam Reinhart Pavel Buchnevich 50 1 2 2
Penalty Kill 4 Players Defense
Defense Defense Time % Phy DF OF
1 Erik Karlsson Mattias Ekholm 50 1 2 2
2 Ryan Suter Brian Dumoulin 50 1 2 2
Penalty Kill - 3 Players Forward
Forward Time % Phy DF OF
1 Leon Draisaitl 50 1 2 2
2 Mitchell Marner 50 1 2 2
Penalty Kill - 3 Players Defense
Defense Defense Time % Phy DF OF
1 Erik Karlsson Mattias Ekholm 50 1 2 2
2 Ryan Suter Brian Dumoulin 50 1 2 2
4 vs 4 Forward
Center Wing Time % Phy DF OF
1 Leon Draisaitl Mitchell Marner 50 1 2 2
2 Sam Reinhart Pavel Buchnevich 50 1 2 2
4 vs 4 Defense
Defense Defense Time % Phy DF OF
1 Erik Karlsson Mattias Ekholm 50 1 2 2
2 Ryan Suter Brian Dumoulin 50 1 2 2
Last Minutes Offensive
Center Left Wing Right Wing Defense Defense
Leon Draisaitl Pavel Buchnevich Mitchell Marner Erik Karlsson Mattias Ekholm
Last Minutes Defensive
Center Left Wing Right Wing Defense Defense
Leon Draisaitl Pavel Buchnevich Mitchell Marner Erik Karlsson Mattias Ekholm
Goaltenders
Starting : Marc-Andre Fleury
Backup : Akira Schmid
Extra Forwards
Normal : Tom Wilson, Gabriel Vilardi, Phillip Danault - PP : Tom Wilson, Gabriel Vilardi - PK : Phillip Danault
Extra Defensemen
Normal : Erik Gudbranson, J.J. Moser, Ryan Suter - PP : Erik Gudbranson - PK : J.J. Moser, Ryan Suter
Penalty Shots
Leon Draisaitl, Mitchell Marner, Sam Reinhart, Pavel Buchnevich, Jean-Gabriel Pageau
Tampa Bay Lightning
5 vs 5 Forward
Center Left Wing Right Wing Time % Phy DF OF
1 Anze Kopitar Johnny Gaudreau Travis Konecny 35 0 2 3
2 Logan Couture Roope Hintz Gustav Nyquist 30 0 2 3
3 Tomas Hertl Dylan Cozens Kirill Kaprizov 20 0 1 4
4 Tomas Hertl Trevor Moore Tyler Toffoli 15 0 2 3
5 vs 5 Defense
Defense Defense Time % Phy DF OF
1 Darnell Nurse Michael Matheson 40 0 3 2
2 Moritz Seider Hampus Lindholm 40 0 3 2
3 Vladislav Gavrikov Ryan Graves 20 0 4 1
4 Darnell Nurse Hampus Lindholm 0 0 3 2
PowerPlay Forward
Center Left Wing Right Wing Time % Phy DF OF
1 Anze Kopitar Johnny Gaudreau Travis Konecny 65 0 1 4
2 Logan Couture Roope Hintz Kirill Kaprizov 35 0 1 4
PowerPlay Defense
Defense Defense Time % Phy DF OF
1 Moritz Seider Michael Matheson 65 1 2 2
2 Darnell Nurse Hampus Lindholm 35 1 2 2
Penalty Kill 4 Players Forward
Center Wing Time % Phy DF OF
1 Anze Kopitar Logan Couture 55 1 4 0
2 Dylan Cozens Travis Konecny 45 1 4 0
Penalty Kill 4 Players Defense
Defense Defense Time % Phy DF OF
1 Vladislav Gavrikov Darnell Nurse 55 1 4 0
2 Ryan Graves Moritz Seider 45 1 4 0
Penalty Kill - 3 Players Forward
Forward Time % Phy DF OF
1 Anze Kopitar 50 1 4 0
2 Logan Couture 50 1 4 0
Penalty Kill - 3 Players Defense
Defense Defense Time % Phy DF OF
1 Vladislav Gavrikov Darnell Nurse 50 0 5 0
2 Ryan Graves Moritz Seider 50 0 5 0
4 vs 4 Forward
Center Wing Time % Phy DF OF
1 Anze Kopitar Dylan Cozens 55 0 2 3
2 Logan Couture Tomas Hertl 45 0 3 2
4 vs 4 Defense
Defense Defense Time % Phy DF OF
1 Darnell Nurse Hampus Lindholm 55 0 3 2
2 Moritz Seider Michael Matheson 45 0 3 2
Last Minutes Offensive
Center Left Wing Right Wing Defense Defense
Anze Kopitar Kirill Kaprizov Travis Konecny Darnell Nurse Hampus Lindholm
Last Minutes Defensive
Center Left Wing Right Wing Defense Defense
Anze Kopitar Kirill Kaprizov Travis Konecny Darnell Nurse Hampus Lindholm
Goaltenders
Starting : Filip Gustavsson
Backup : Jeremy Swayman
Extra Forwards
Normal : Trevor Moore, Roope Hintz, Johnny Gaudreau - PP : Roope Hintz, Dylan Cozens - PK : Gustav Nyquist
Extra Defensemen
Normal : Moritz Seider, Darnell Nurse, Vladislav Gavrikov - PP : Ryan Graves - PK : Hampus Lindholm, Michael Matheson
Penalty Shots
Gustav Nyquist, Kirill Kaprizov, Logan Couture, Trevor Moore, Anze Kopitar
% Time on Ice - Pittsburgh Penguins
Lines # - Real PCT - Wanted PCT - Time Play
Normal Forward
1 - 28% - 30% - 12:55
2 - 29% - 30% - 12:58
3 - 24% - 25% - 10:50
4 - 19% - 15% - 8:39
Normal Defense
1 - 36% - 35% - 16:07
2 - 35% - 35% - 15:54
3 - 29% - 30% - 13:21
4 - 0% - 0% - 0:00
PP Forward
1 - 65% - 50% - 3:57
2 - 35% - 50% - 2:09
PP Defense
1 - 46% - 50% - 2:49
2 - 54% - 50% - 3:17
PK Forward
1 - 53% - 50% - 4:31
2 - 47% - 50% - 4:01
PK Defense
1 - 50% - 50% - 4:16
2 - 50% - 50% - 4:16
PK3 Forward
1 - 0% - 50%
2 - 0% - 50%
PK3 Defense
1 - 0% - 50%
2 - 0% - 50%
44 Forward
1 - 0% - 50%
2 - 0% - 50%
44 Defense
1 - 0% - 50%
2 - 0% - 50%
Last Minute Offensive - 0:00
Last Minute Defensive - 0:00
Total
Forward - 60:00
Defense - 60:00
|
% Time on Ice - Tampa Bay Lightning
Lines # - Real PCT - Wanted PCT - Time Play
Normal Forward
1 - 34% - 35% - 15:18
2 - 30% - 30% - 13:50
3 - 19% - 20% - 8:29
4 - 17% - 15% - 7:45
Normal Defense
1 - 37% - 40% - 16:43
2 - 36% - 40% - 16:33
3 - 23% - 20% - 10:38
4 - 3% - 0% - 1:28
PP Forward
1 - 68% - 65% - 5:48
2 - 32% - 35% - 2:44
PP Defense
1 - 77% - 65% - 6:32
2 - 23% - 35% - 2:00
PK Forward
1 - 67% - 55% - 4:06
2 - 33% - 45% - 2:00
PK Defense
1 - 60% - 55% - 3:40
2 - 40% - 45% - 2:26
PK3 Forward
1 - 0% - 50%
2 - 0% - 50%
PK3 Defense
1 - 0% - 50%
2 - 0% - 50%
44 Forward
1 - 0% - 55%
2 - 0% - 45%
44 Defense
1 - 0% - 55%
2 - 0% - 45%
Last Minute Offensive - 0:00
Last Minute Defensive - 0:00
Total
Forward - 60:00
Defense - 60:00
|
Play-by-Play
1st period
0:01 of 1st period - Leon Draisaitl wins face-off versus Anze Kopitar in neutral zone.
0:08 of 1st period - Wrist shot by Pavel Buchnevich.
0:08 of 1st period - Shot Blocked by Michael Matheson.
0:14 of 1st period - Slapshot by Pavel Buchnevich.
0:14 of 1st period - Goal by Pavel Buchnevich - Pittsburgh Penguins : 1 - Tampa Bay Lightning : 0.
0:15 of 1st period - Jean-Gabriel Pageau wins face-off versus Logan Couture in neutral zone.
1:14 of 1st period - Wrist shot by Anze Kopitar.
1:14 of 1st period - Stopped by Marc-Andre Fleury with a rebound.
1:16 of 1st period - Slapshot by Vladislav Gavrikov.
1:16 of 1st period - Stopped by Marc-Andre Fleury without a rebound.
1:17 of 1st period - Tomas Hertl wins face-off versus Leon Draisaitl in Pittsburgh Penguins zone.
1:28 of 1st period - Slapshot by Tyler Toffoli.
1:28 of 1st period - Stopped by Marc-Andre Fleury without a rebound.
1:29 of 1st period - Logan Couture wins face-off versus Jean-Gabriel Pageau in Pittsburgh Penguins zone.
2:40 of 1st period - Icing by Michael Matheson.
2:41 of 1st period - Logan Couture wins face-off versus Colton Sissons in Tampa Bay Lightning zone.
3:13 of 1st period - Wrist shot by Travis Konecny.
3:13 of 1st period - Shot Misses the Net.
3:35 of 1st period - Snap shot by Pavel Buchnevich.
3:35 of 1st period - Stopped by Filip Gustavsson with a rebound.
3:37 of 1st period - Slapshot by Erik Gudbranson.
3:37 of 1st period - Shot Blocked by Tyler Toffoli.
3:39 of 1st period - Slapshot by Erik Gudbranson.
3:39 of 1st period - Deflect By Leon Draisaitl.
3:39 of 1st period - Shot Misses the Net.
3:39 of 1st period - Puck is out of play.
3:40 of 1st period - Phillip Danault wins face-off versus Logan Couture in Tampa Bay Lightning zone.
4:07 of 1st period - Leon Draisaitl is hit by Moritz Seider.
4:11 of 1st period - Leon Draisaitl is hit by Travis Konecny and loses puck.
4:38 of 1st period - Wrist shot by Dylan Cozens.
4:38 of 1st period - Shot Misses the Net.
4:40 of 1st period - Snap shot by Tomas Hertl.
4:40 of 1st period - Stopped by Marc-Andre Fleury with a rebound.
4:42 of 1st period - Slapshot by Ryan Graves.
4:42 of 1st period - Stopped by Marc-Andre Fleury without a rebound.
4:43 of 1st period - Phillip Danault wins face-off versus Logan Couture in Pittsburgh Penguins zone.
4:58 of 1st period - Wrist shot by Ryan Johansen.
4:58 of 1st period - Shot Misses the Net.
5:07 of 1st period - Icing by Brian Dumoulin.
5:08 of 1st period - Leon Draisaitl wins face-off versus Tyler Toffoli in Pittsburgh Penguins zone.
5:08 of 1st period - Leon Draisaitl is hit by Tyler Toffoli.
5:18 of 1st period - Mitchell Marner is hit by Michael Matheson and loses puck.
6:25 of 1st period - Wrist shot by Kirill Kaprizov.
6:25 of 1st period - Shot Misses the Net.
6:27 of 1st period - Slapshot by Dylan Cozens.
6:27 of 1st period - Shot Misses the Net.
7:13 of 1st period - Wrist shot by Gustav Nyquist.
7:13 of 1st period - Shot Misses the Net.
7:15 of 1st period - Snap shot by Logan Couture.
7:15 of 1st period - Shot Blocked by Brian Dumoulin.
7:21 of 1st period - Snap shot by Gustav Nyquist.
7:21 of 1st period - Stopped by Marc-Andre Fleury without a rebound.
7:22 of 1st period - Leon Draisaitl wins face-off versus Anze Kopitar in Pittsburgh Penguins zone.
8:21 of 1st period - Snap shot by Gustav Nyquist.
8:21 of 1st period - Stopped by Marc-Andre Fleury with a rebound.
8:39 of 1st period - Wrist shot by Trevor Moore.
8:39 of 1st period - Shot Blocked by Erik Karlsson.
8:41 of 1st period - Slapshot by Darnell Nurse.
8:41 of 1st period - Deflect By Erik Karlsson.
8:41 of 1st period - Stopped by Marc-Andre Fleury without a rebound.
8:42 of 1st period - Leon Draisaitl wins face-off versus Anze Kopitar in Pittsburgh Penguins zone.
9:09 of 1st period - Travis Konecny is hit by Mattias Ekholm and loses puck.
9:18 of 1st period - Slapshot by Johnny Gaudreau.
9:18 of 1st period - Shot Misses the Net.
9:22 of 1st period - Wrist shot by Johnny Gaudreau.
9:22 of 1st period - Shot Misses the Net.
9:24 of 1st period - Wrist shot by Anze Kopitar.
9:24 of 1st period - Stopped by Marc-Andre Fleury with a rebound.
9:26 of 1st period - Slapshot by Moritz Seider.
9:26 of 1st period - Deflect By Johnny Gaudreau.
9:26 of 1st period - Stopped by Marc-Andre Fleury with a rebound.
9:36 of 1st period - Wrist shot by Anze Kopitar.
9:36 of 1st period - Stopped by Marc-Andre Fleury without a rebound.
9:37 of 1st period - Jean-Gabriel Pageau wins face-off versus Tomas Hertl in Pittsburgh Penguins zone.
9:46 of 1st period - Snap shot by Tomas Hertl.
9:46 of 1st period - Stopped by Marc-Andre Fleury with a rebound.
9:50 of 1st period - Snap shot by Tomas Hertl.
9:50 of 1st period - Deflect By Dylan Cozens.
9:50 of 1st period - Shot Misses the Net.
9:50 of 1st period - Puck is out of play.
9:51 of 1st period - Logan Couture wins face-off versus Leon Draisaitl in Pittsburgh Penguins zone.
10:40 of 1st period - Icing by Erik Karlsson.
10:41 of 1st period - Leon Draisaitl wins face-off versus Anze Kopitar in Pittsburgh Penguins zone.
11:36 of 1st period - Snap shot by Roope Hintz.
11:36 of 1st period - Shot Blocked by Erik Gudbranson.
11:54 of 1st period - Sam Reinhart is hit by Michael Matheson.
11:58 of 1st period - Snap shot by Sam Reinhart.
11:58 of 1st period - Stopped by Filip Gustavsson with a rebound.
12:47 of 1st period - Wrist shot by Kirill Kaprizov.
12:47 of 1st period - Stopped by Marc-Andre Fleury with a rebound.
12:49 of 1st period - Slapshot by Moritz Seider.
12:49 of 1st period - Shot Blocked by Brian Dumoulin.
13:01 of 1st period - Snap shot by Gabriel Vilardi.
13:01 of 1st period - Shot Misses the Net.
13:15 of 1st period - Moritz Seider is hit by Mitchell Marner.
13:37 of 1st period - Johnny Gaudreau is hit by Phillip Danault and loses puck.
14:13 of 1st period - Wrist shot by Tom Wilson.
14:13 of 1st period - Stopped by Filip Gustavsson with a rebound.
14:15 of 1st period - Snap shot by Colton Sissons.
14:15 of 1st period - Stopped by Filip Gustavsson without a rebound.
14:16 of 1st period - Leon Draisaitl wins face-off versus Logan Couture in Tampa Bay Lightning zone.
14:23 of 1st period - Wrist shot by Mitchell Marner.
14:23 of 1st period - Deflect By Pavel Buchnevich.
14:23 of 1st period - Shot Misses the Net.
14:23 of 1st period - Puck is out of play.
14:24 of 1st period - Leon Draisaitl wins face-off versus Anze Kopitar in Tampa Bay Lightning zone.
14:35 of 1st period - Off-side.
14:36 of 1st period - Jean-Gabriel Pageau wins face-off versus Logan Couture in neutral zone.
15:03 of 1st period - Travis Konecny is hit by Erik Karlsson and loses puck.
15:26 of 1st period - Snap shot by Tyler Toffoli.
15:26 of 1st period - Stopped by Marc-Andre Fleury with a rebound.
16:00 of 1st period - Slapshot by Roope Hintz.
16:00 of 1st period - Deflect By Gustav Nyquist.
16:00 of 1st period - Stopped by Marc-Andre Fleury without a rebound.
16:01 of 1st period - Jean-Gabriel Pageau wins face-off versus Anze Kopitar in Pittsburgh Penguins zone.
16:05 of 1st period - Off-side.
16:06 of 1st period - Jean-Gabriel Pageau wins face-off versus Anze Kopitar in neutral zone.
17:03 of 1st period - Snap shot by Tyler Toffoli.
17:03 of 1st period - Stopped by Marc-Andre Fleury with a rebound.
17:05 of 1st period - Slapshot by Darnell Nurse.
17:05 of 1st period - Shot Misses the Net.
17:07 of 1st period - Snap shot by Trevor Moore.
17:07 of 1st period - Stopped by Marc-Andre Fleury without a rebound.
17:08 of 1st period - Anze Kopitar wins face-off versus Phillip Danault in Pittsburgh Penguins zone.
17:11 of 1st period - Wrist shot by Travis Konecny.
17:11 of 1st period - Shot Misses the Net.
17:13 of 1st period - Wrist shot by Anze Kopitar.
17:13 of 1st period - Shot Blocked by Erik Gudbranson.
17:15 of 1st period - Slapshot by Darnell Nurse.
17:15 of 1st period - Shot Misses the Net.
17:21 of 1st period - Wrist shot by Anze Kopitar.
17:21 of 1st period - Shot Misses the Net.
17:35 of 1st period - Michael Matheson is hit by J.J. Moser.
17:51 of 1st period - Vladislav Gavrikov is hit by Pavel Buchnevich and loses puck.
18:02 of 1st period - Colton Sissons is hit by Tomas Hertl and loses puck.
18:40 of 1st period - Snap shot by Johnny Gaudreau.
18:40 of 1st period - Stopped by Marc-Andre Fleury with a rebound.
18:46 of 1st period - Snap shot by Logan Couture.
18:46 of 1st period - Shot Misses the Net.
18:48 of 1st period - Wrist shot by Gustav Nyquist.
18:48 of 1st period - Goal by Gustav Nyquist - Pittsburgh Penguins : 1 - Tampa Bay Lightning : 1.
18:49 of 1st period - Leon Draisaitl wins face-off versus Tomas Hertl in neutral zone.
18:56 of 1st period - Wrist shot by Leon Draisaitl.
18:56 of 1st period - Stopped by Filip Gustavsson without a rebound.
18:57 of 1st period - Leon Draisaitl wins face-off versus Tomas Hertl in Tampa Bay Lightning zone.
19:02 of 1st period - Snap shot by Leon Draisaitl.
19:02 of 1st period - Shot Blocked by Michael Matheson.
19:04 of 1st period - Slapshot by Erik Gudbranson.
19:04 of 1st period - Deflect By Leon Draisaitl.
19:04 of 1st period - Shot Misses the Net.
19:04 of 1st period - Puck is out of play.
19:05 of 1st period - Jean-Gabriel Pageau wins face-off versus Tomas Hertl in Tampa Bay Lightning zone.
19:06 of 1st period - Snap shot by Sam Reinhart.
19:06 of 1st period - Shot Blocked by Moritz Seider.
19:08 of 1st period - Wrist shot by Anders Lee.
19:08 of 1st period - Deflect By Jean-Gabriel Pageau.
19:08 of 1st period - Deflect By Hampus Lindholm.
19:08 of 1st period - Stopped by Filip Gustavsson with a rebound.
19:10 of 1st period - Snap shot by Anders Lee.
19:10 of 1st period - Shot Misses the Net.
19:12 of 1st period - Snap shot by J.J. Moser.
19:12 of 1st period - Deflect By Sam Reinhart.
19:12 of 1st period - Goal by Sam Reinhart - Pittsburgh Penguins : 2 - Tampa Bay Lightning : 1.
19:13 of 1st period - Anze Kopitar wins face-off versus Phillip Danault in neutral zone.
19:16 of 1st period - Slapshot by Johnny Gaudreau.
19:16 of 1st period - Shot Blocked by Erik Karlsson.
19:39 of 1st period - Icing by Anze Kopitar.
19:40 of 1st period - Anze Kopitar wins face-off versus Leon Draisaitl in Tampa Bay Lightning zone.
19:40 of 1st period - Anze Kopitar is hit by Pavel Buchnevich.
Goals for this period are 2 for Pittsburgh Penguins vs 1 for Tampa Bay Lightning.
Shots for this period are 8 for Pittsburgh Penguins vs 19 for Tampa Bay Lightning.
2nd period
0:01 of 2nd period - Jean-Gabriel Pageau wins face-off versus Logan Couture in neutral zone.
0:33 of 2nd period - Wrist shot by Tomas Hertl.
0:33 of 2nd period - Shot Misses the Net.
0:35 of 2nd period - Wrist shot by Tomas Hertl.
0:35 of 2nd period - Stopped by Marc-Andre Fleury with a rebound.
0:37 of 2nd period - Slapshot by Michael Matheson.
0:37 of 2nd period - Goal by Michael Matheson - Pittsburgh Penguins : 2 - Tampa Bay Lightning : 2.
0:38 of 2nd period - Tomas Hertl wins face-off versus Jean-Gabriel Pageau in neutral zone.
0:50 of 2nd period - Icing by Tomas Hertl.
0:51 of 2nd period - Kirill Kaprizov wins face-off versus Colton Sissons in Tampa Bay Lightning zone.
1:01 of 2nd period - Snap shot by Gabriel Vilardi.
1:01 of 2nd period - Shot Misses the Net.
1:03 of 2nd period - Snap shot by Gabriel Vilardi.
1:03 of 2nd period - Stopped by Filip Gustavsson with a rebound.
1:17 of 2nd period - Gustav Nyquist is hit by Mitchell Marner and loses puck.
1:24 of 2nd period - Wrist shot by Roope Hintz.
1:24 of 2nd period - Stopped by Marc-Andre Fleury without a rebound.
1:25 of 2nd period - Anze Kopitar wins face-off versus Sam Reinhart in Pittsburgh Penguins zone.
1:48 of 2nd period - Minor Penalty to Anders Lee for Roughing.
1:49 of 2nd period - Anze Kopitar wins face-off versus Leon Draisaitl in Pittsburgh Penguins zone.
3:02 of 2nd period - Pavel Buchnevich is hit by Kirill Kaprizov and loses puck.
3:35 of 2nd period - Logan Couture is hit by Mitchell Marner and loses puck.
3:48 of 2nd period - Penalty to Anders Lee is over, Anders Lee is back on ice.
4:02 of 2nd period - Slapshot by Erik Karlsson.
4:02 of 2nd period - Stopped by Filip Gustavsson with a rebound.
4:08 of 2nd period - Snap shot by Gabriel Vilardi.
4:08 of 2nd period - Shot Misses the Net.
4:42 of 2nd period - Slapshot by Tom Wilson.
4:42 of 2nd period - Deflect By Colton Sissons.
4:42 of 2nd period - Shot Misses the Net.
4:42 of 2nd period - Puck is out of play.
4:43 of 2nd period - Colton Sissons wins face-off versus Tomas Hertl in Tampa Bay Lightning zone.
4:50 of 2nd period - Wrist shot by Gabriel Vilardi.
4:50 of 2nd period - Shot Misses the Net.
4:58 of 2nd period - Backhand shot by Gabriel Vilardi.
4:58 of 2nd period - Stopped by Filip Gustavsson with a rebound.
5:14 of 2nd period - Logan Couture is hit by Pavel Buchnevich and loses puck.
5:50 of 2nd period - J.J. Moser is hit by Hampus Lindholm and loses puck.
5:59 of 2nd period - Snap shot by Anders Lee.
5:59 of 2nd period - Stopped by Filip Gustavsson with a rebound.
6:21 of 2nd period - Wrist shot by Gustav Nyquist.
6:21 of 2nd period - Deflect By Logan Couture.
6:21 of 2nd period - Stopped by Marc-Andre Fleury with a rebound.
6:35 of 2nd period - Slapshot by Sam Reinhart.
6:35 of 2nd period - Stopped by Filip Gustavsson with a rebound.
6:37 of 2nd period - Minor Penalty to Travis Konecny for Hooking.
6:38 of 2nd period - Anze Kopitar wins face-off versus Leon Draisaitl in Tampa Bay Lightning zone.
6:51 of 2nd period - Wrist shot by Leon Draisaitl.
6:51 of 2nd period - Shot Misses the Net.
6:53 of 2nd period - Wrist shot by Mattias Ekholm.
6:53 of 2nd period - Stopped by Filip Gustavsson with a rebound.
6:55 of 2nd period - Slapshot by Mitchell Marner.
6:55 of 2nd period - Shot Misses the Net.
8:10 of 2nd period - Darnell Nurse is hit by Erik Karlsson and loses puck.
8:32 of 2nd period - Icing by Leon Draisaitl.
8:33 of 2nd period - Leon Draisaitl wins face-off versus Dylan Cozens in Pittsburgh Penguins zone.
8:37 of 2nd period - Penalty to Travis Konecny is over, Travis Konecny is back on ice.
8:38 of 2nd period - Dylan Cozens is hit by Mitchell Marner and loses puck.
8:44 of 2nd period - Ryan Graves is hit by Phillip Danault.
9:16 of 2nd period - Tomas Hertl is hit by Colton Sissons and loses puck.
9:23 of 2nd period - Tom Wilson is hit by Tyler Toffoli and loses puck.
9:42 of 2nd period - Snap shot by Sam Reinhart.
9:42 of 2nd period - Stopped by Filip Gustavsson with a rebound.
9:52 of 2nd period - Snap shot by Logan Couture.
9:52 of 2nd period - Stopped by Marc-Andre Fleury without a rebound.
9:53 of 2nd period - Tomas Hertl wins face-off versus Phillip Danault in Pittsburgh Penguins zone.
10:29 of 2nd period - Snap shot by Travis Konecny.
10:29 of 2nd period - Goal by Travis Konecny - Pittsburgh Penguins : 2 - Tampa Bay Lightning : 3.
10:30 of 2nd period - Anze Kopitar wins face-off versus Leon Draisaitl in neutral zone.
10:35 of 2nd period - Snap shot by Johnny Gaudreau.
10:35 of 2nd period - Deflect By Travis Konecny.
10:35 of 2nd period - Shot Blocked by Mattias Ekholm.
10:35 of 2nd period - Puck is out of play.
10:36 of 2nd period - Anze Kopitar wins face-off versus Leon Draisaitl in Pittsburgh Penguins zone.
10:48 of 2nd period - Minor Penalty to Leon Draisaitl for Slashing.
10:49 of 2nd period - Sam Reinhart wins face-off versus Anze Kopitar in Pittsburgh Penguins zone.
11:01 of 2nd period - Snap shot by Johnny Gaudreau.
11:01 of 2nd period - Stopped by Marc-Andre Fleury with a rebound.
11:03 of 2nd period - Slapshot by Michael Matheson.
11:03 of 2nd period - Stopped by Marc-Andre Fleury without a rebound.
11:04 of 2nd period - Anze Kopitar wins face-off versus Sam Reinhart in Pittsburgh Penguins zone.
11:15 of 2nd period - Mitchell Marner is hit by Travis Konecny and loses puck.
11:56 of 2nd period - Erik Karlsson is hit by Anze Kopitar and loses puck.
12:48 of 2nd period - Penalty to Leon Draisaitl is over, Leon Draisaitl is back on ice.
13:26 of 2nd period - Wrist shot by Tom Wilson.
13:26 of 2nd period - Shot Misses the Net.
13:36 of 2nd period - Jean-Gabriel Pageau is hit by Dylan Cozens and loses puck.
13:51 of 2nd period - Wrist shot by Ryan Johansen.
13:51 of 2nd period - Shot Blocked by Vladislav Gavrikov.
14:27 of 2nd period - Slapshot by Erik Gudbranson.
14:27 of 2nd period - Shot Misses the Net.
14:33 of 2nd period - Minor Penalty to Michael Matheson for Holding.
14:34 of 2nd period - Leon Draisaitl wins face-off versus Anze Kopitar in Tampa Bay Lightning zone.
14:49 of 2nd period - Wrist shot by Leon Draisaitl.
14:49 of 2nd period - Stopped by Filip Gustavsson without a rebound.
14:50 of 2nd period - Jean-Gabriel Pageau wins face-off versus Anze Kopitar in Tampa Bay Lightning zone.
15:16 of 2nd period - Erik Karlsson is hit by Dylan Cozens and loses puck.
15:21 of 2nd period - Wrist shot by Travis Konecny.
15:21 of 2nd period - Deflect By Dylan Cozens.
15:21 of 2nd period - Shot Misses the Net.
15:21 of 2nd period - Puck is out of play.
15:22 of 2nd period - Leon Draisaitl wins face-off versus Anze Kopitar in Pittsburgh Penguins zone.
15:30 of 2nd period - Slapshot by Brian Dumoulin.
15:30 of 2nd period - Stopped by Filip Gustavsson without a rebound.
15:31 of 2nd period - Anze Kopitar wins face-off versus Leon Draisaitl in Tampa Bay Lightning zone.
15:56 of 2nd period - Travis Konecny is hit by Mitchell Marner and loses puck.
16:33 of 2nd period - Penalty to Michael Matheson is over, Michael Matheson is back on ice.
17:52 of 2nd period - Snap shot by Anders Lee.
17:52 of 2nd period - Stopped by Filip Gustavsson without a rebound.
17:53 of 2nd period - Tomas Hertl wins face-off versus Phillip Danault in Tampa Bay Lightning zone.
17:58 of 2nd period - Wrist shot by Tyler Toffoli.
17:58 of 2nd period - Deflect By Trevor Moore.
17:58 of 2nd period - Shot Blocked by Erik Gudbranson.
17:58 of 2nd period - Puck is out of play.
17:59 of 2nd period - Phillip Danault wins face-off versus Tomas Hertl in Pittsburgh Penguins zone.
18:06 of 2nd period - Snap shot by Ryan Johansen.
18:06 of 2nd period - Stopped by Filip Gustavsson with a rebound.
18:08 of 2nd period - Snap shot by Phillip Danault.
18:08 of 2nd period - Stopped by Filip Gustavsson with a rebound.
18:10 of 2nd period - Slapshot by Erik Karlsson.
18:10 of 2nd period - Shot Misses the Net.
18:12 of 2nd period - Wrist shot by Ryan Johansen.
18:12 of 2nd period - Stopped by Filip Gustavsson with a rebound.
18:14 of 2nd period - Snap shot by Phillip Danault.
18:14 of 2nd period - Deflect By Jordan Eberle.
18:14 of 2nd period - Shot Blocked by Tyler Toffoli.
18:14 of 2nd period - Puck is out of play.
18:15 of 2nd period - Leon Draisaitl wins face-off versus Anze Kopitar in Tampa Bay Lightning zone.
18:29 of 2nd period - Off-side.
18:30 of 2nd period - Logan Couture wins face-off versus Jean-Gabriel Pageau in neutral zone.
18:41 of 2nd period - Slapshot by Roope Hintz.
18:41 of 2nd period - Stopped by Marc-Andre Fleury with a rebound.
18:46 of 2nd period - Off-side.
18:47 of 2nd period - Leon Draisaitl wins face-off versus Anze Kopitar in neutral zone.
19:09 of 2nd period - Minor Penalty to Pavel Buchnevich for Interference.
19:10 of 2nd period - Anze Kopitar wins face-off versus Sam Reinhart in Pittsburgh Penguins zone.
Goals for this period are 0 for Pittsburgh Penguins vs 2 for Tampa Bay Lightning.
Shots for this period are 13 for Pittsburgh Penguins vs 9 for Tampa Bay Lightning.
3rd period
0:01 of 3rd period - Sam Reinhart wins face-off versus Anze Kopitar in neutral zone.
0:47 of 3rd period - Snap shot by Sam Reinhart.
0:47 of 3rd period - Stopped by Filip Gustavsson without a rebound.
0:48 of 3rd period - Anze Kopitar wins face-off versus Sam Reinhart in Tampa Bay Lightning zone.
0:53 of 3rd period - Snap shot by Johnny Gaudreau.
0:53 of 3rd period - Goal by Johnny Gaudreau - Pittsburgh Penguins : 2 - Tampa Bay Lightning : 4.
0:54 of 3rd period - Leon Draisaitl wins face-off versus Anze Kopitar in neutral zone.
1:21 of 3rd period - Ryan Suter is hit by Roope Hintz and loses puck.
1:48 of 3rd period - Slapshot by Michael Matheson.
1:48 of 3rd period - Deflect By Erik Karlsson.
1:48 of 3rd period - Stopped by Marc-Andre Fleury with a rebound.
1:50 of 3rd period - Slapshot by Darnell Nurse.
1:50 of 3rd period - Shot Blocked by Mattias Ekholm.
1:52 of 3rd period - Slapshot by Michael Matheson.
1:52 of 3rd period - Shot Misses the Net.
2:27 of 3rd period - Minor Penalty to Ryan Graves for Roughing.
2:28 of 3rd period - Jean-Gabriel Pageau wins face-off versus Anze Kopitar in Tampa Bay Lightning zone.
2:33 of 3rd period - Snap shot by Anders Lee.
2:33 of 3rd period - Stopped by Filip Gustavsson with a rebound.
2:35 of 3rd period - Slapshot by Brian Dumoulin.
2:35 of 3rd period - Stopped by Filip Gustavsson with a rebound.
2:39 of 3rd period - Snap shot by Anders Lee.
2:39 of 3rd period - Shot Misses the Net.
2:41 of 3rd period - Wrist shot by Brian Dumoulin.
2:41 of 3rd period - Deflect By Anders Lee.
2:41 of 3rd period - Shot Blocked by Vladislav Gavrikov.
2:41 of 3rd period - Puck is out of play.
2:42 of 3rd period - Anze Kopitar wins face-off versus Jean-Gabriel Pageau in Tampa Bay Lightning zone.
2:57 of 3rd period - Wrist shot by Anders Lee.
2:57 of 3rd period - Stopped by Filip Gustavsson without a rebound.
2:58 of 3rd period - Anze Kopitar wins face-off versus Leon Draisaitl in Tampa Bay Lightning zone.
3:25 of 3rd period - Anze Kopitar is hit by Anders Lee and loses puck.
3:45 of 3rd period - Off-side.
3:46 of 3rd period - Leon Draisaitl wins face-off versus Dylan Cozens in neutral zone.
3:59 of 3rd period - Slapshot by Leon Draisaitl.
3:59 of 3rd period - Shot Misses the Net.
4:27 of 3rd period - Penalty to Ryan Graves is over, Ryan Graves is back on ice.
4:31 of 3rd period - Wrist shot by Anze Kopitar.
4:31 of 3rd period - Stopped by Marc-Andre Fleury without a rebound.
4:32 of 3rd period - Tomas Hertl wins face-off versus Leon Draisaitl in Pittsburgh Penguins zone.
6:21 of 3rd period - Snap shot by Travis Konecny.
6:21 of 3rd period - Stopped by Marc-Andre Fleury with a rebound.
6:23 of 3rd period - Snap shot by Travis Konecny.
6:23 of 3rd period - Stopped by Marc-Andre Fleury without a rebound.
6:24 of 3rd period - Logan Couture wins face-off versus Leon Draisaitl in Pittsburgh Penguins zone.
6:25 of 3rd period - Slapshot by Roope Hintz.
6:25 of 3rd period - Stopped by Marc-Andre Fleury without a rebound.
6:26 of 3rd period - Leon Draisaitl wins face-off versus Logan Couture in Pittsburgh Penguins zone.
6:53 of 3rd period - Snap shot by Dylan Cozens.
6:53 of 3rd period - Goal by Dylan Cozens - Pittsburgh Penguins : 2 - Tampa Bay Lightning : 5.
6:54 of 3rd period - Anze Kopitar wins face-off versus Leon Draisaitl in neutral zone.
6:57 of 3rd period - Pavel Buchnevich is hit by Travis Konecny and loses puck.
7:04 of 3rd period - Snap shot by Travis Konecny.
7:04 of 3rd period - Stopped by Marc-Andre Fleury without a rebound.
7:05 of 3rd period - Anze Kopitar wins face-off versus Leon Draisaitl in Pittsburgh Penguins zone.
7:06 of 3rd period - Snap shot by Johnny Gaudreau.
7:06 of 3rd period - Shot Misses the Net.
7:16 of 3rd period - Snap shot by Leon Draisaitl.
7:16 of 3rd period - Stopped by Filip Gustavsson with a rebound.
7:18 of 3rd period - Wrist shot by Leon Draisaitl.
7:18 of 3rd period - Shot Misses the Net.
7:20 of 3rd period - Slapshot by Brian Dumoulin.
7:20 of 3rd period - Shot Misses the Net.
7:22 of 3rd period - Wrist shot by Mitchell Marner.
7:22 of 3rd period - Deflect By Pavel Buchnevich.
7:22 of 3rd period - Stopped by Filip Gustavsson with a rebound.
8:20 of 3rd period - Icing by Mattias Ekholm.
8:21 of 3rd period - Anze Kopitar wins face-off versus Phillip Danault in Pittsburgh Penguins zone.
8:48 of 3rd period - Slapshot by Ryan Johansen.
8:48 of 3rd period - Stopped by Filip Gustavsson without a rebound.
8:49 of 3rd period - Logan Couture wins face-off versus Leon Draisaitl in Tampa Bay Lightning zone.
8:49 of 3rd period - Logan Couture is hit by Pavel Buchnevich.
9:05 of 3rd period - Snap shot by Leon Draisaitl.
9:05 of 3rd period - Shot Blocked by Vladislav Gavrikov.
9:42 of 3rd period - Slapshot by Ryan Suter.
9:42 of 3rd period - Deflect By Sam Reinhart.
9:42 of 3rd period - Shot Blocked by Ryan Graves.
9:42 of 3rd period - Puck is out of play.
9:43 of 3rd period - Leon Draisaitl wins face-off versus Anze Kopitar in Tampa Bay Lightning zone.
10:10 of 3rd period - Moritz Seider is hit by Jean-Gabriel Pageau and loses puck.
10:15 of 3rd period - Slapshot by Anders Lee.
10:15 of 3rd period - Shot Misses the Net.
10:17 of 3rd period - Slapshot by Sam Reinhart.
10:17 of 3rd period - Shot Blocked by Moritz Seider.
10:21 of 3rd period - Snap shot by Sam Reinhart.
10:21 of 3rd period - Deflect By Anders Lee.
10:21 of 3rd period - Shot Misses the Net.
10:21 of 3rd period - Puck is out of play.
10:22 of 3rd period - Anze Kopitar wins face-off versus Jordan Eberle in Tampa Bay Lightning zone.
10:22 of 3rd period - Anze Kopitar is hit by Jordan Eberle.
10:56 of 3rd period - Snap shot by Kirill Kaprizov.
10:56 of 3rd period - Stopped by Marc-Andre Fleury without a rebound.
10:57 of 3rd period - Jean-Gabriel Pageau wins face-off versus Logan Couture in Pittsburgh Penguins zone.
11:14 of 3rd period - Snap shot by Sam Reinhart.
11:14 of 3rd period - Stopped by Filip Gustavsson without a rebound.
11:15 of 3rd period - Anze Kopitar wins face-off versus Leon Draisaitl in Tampa Bay Lightning zone.
12:24 of 3rd period - Erik Gudbranson is hit by Darnell Nurse and loses puck.
13:33 of 3rd period - Roope Hintz is hit by Jordan Eberle and loses puck.
13:40 of 3rd period - Slapshot by Ryan Johansen.
13:40 of 3rd period - Shot Blocked by Vladislav Gavrikov.
13:52 of 3rd period - Colton Sissons is hit by Ryan Graves and loses puck.
14:27 of 3rd period - Kirill Kaprizov is hit by Colton Sissons and loses puck.
14:36 of 3rd period - Slapshot by Tom Wilson.
14:36 of 3rd period - Shot Misses the Net.
14:38 of 3rd period - Slapshot by Erik Karlsson.
14:38 of 3rd period - Shot Misses the Net.
14:40 of 3rd period - Snap shot by J.J. Moser.
14:40 of 3rd period - Stopped by Filip Gustavsson with a rebound.
14:42 of 3rd period - Slapshot by Colton Sissons.
14:42 of 3rd period - Deflect By Gabriel Vilardi.
14:42 of 3rd period - Shot Blocked by Trevor Moore.
14:42 of 3rd period - Puck is out of play.
14:43 of 3rd period - Anze Kopitar wins face-off versus Leon Draisaitl in Tampa Bay Lightning zone.
14:49 of 3rd period - Double Minor Penalty to Mitchell Marner for Roughing.
14:50 of 3rd period - Anze Kopitar wins face-off versus Sam Reinhart in Pittsburgh Penguins zone.
14:54 of 3rd period - Slapshot by Moritz Seider.
14:54 of 3rd period - Stopped by Marc-Andre Fleury with a rebound.
15:20 of 3rd period - Mattias Ekholm is hit by Anze Kopitar and loses puck.
16:10 of 3rd period - Snap shot by Anze Kopitar.
16:10 of 3rd period - Shot Misses the Net.
16:12 of 3rd period - Slapshot by Moritz Seider.
16:12 of 3rd period - Stopped by Marc-Andre Fleury with a rebound.
16:46 of 3rd period - Mattias Ekholm is hit by Travis Konecny and loses puck.
16:51 of 3rd period - Snap shot by Johnny Gaudreau.
16:51 of 3rd period - Stopped by Marc-Andre Fleury without a rebound.
16:52 of 3rd period - Phillip Danault wins face-off versus Logan Couture in Pittsburgh Penguins zone.
16:52 of 3rd period - Phillip Danault is hit by Darnell Nurse.
17:02 of 3rd period - Wrist shot by Kirill Kaprizov.
17:02 of 3rd period - Goal by Kirill Kaprizov - Pittsburgh Penguins : 2 - Tampa Bay Lightning : 6.
17:03 of 3rd period - Logan Couture wins face-off versus Jean-Gabriel Pageau in neutral zone.
17:30 of 3rd period - Ryan Suter is hit by Tomas Hertl and loses puck.
18:26 of 3rd period - Icing by Roope Hintz.
18:27 of 3rd period - Tomas Hertl wins face-off versus Jean-Gabriel Pageau in Tampa Bay Lightning zone.
18:47 of 3rd period - Icing by Logan Couture.
18:48 of 3rd period - Leon Draisaitl wins face-off versus Logan Couture in Tampa Bay Lightning zone.
18:50 of 3rd period - Minor Penalty to Mitchell Marner for Tripping.
18:51 of 3rd period - Sam Reinhart wins face-off versus Johnny Gaudreau in Pittsburgh Penguins zone.
19:21 of 3rd period - Wrist shot by Pavel Buchnevich.
19:21 of 3rd period - Shot Blocked by Kirill Kaprizov.
19:27 of 3rd period - Snap shot by Kirill Kaprizov.
19:27 of 3rd period - Goal by Kirill Kaprizov - Pittsburgh Penguins : 2 - Tampa Bay Lightning : 7.
19:28 of 3rd period - Anze Kopitar wins face-off versus Leon Draisaitl in neutral zone.
19:50 of 3rd period - Minor Penalty to Travis Konecny for Diving.
19:51 of 3rd period - Jean-Gabriel Pageau wins face-off versus Anze Kopitar in Tampa Bay Lightning zone.
Goals for this period are 0 for Pittsburgh Penguins vs 4 for Tampa Bay Lightning.
Shots for this period are 9 for Pittsburgh Penguins vs 14 for Tampa Bay Lightning.
Back to the Top